[Event "Titled Tuesday Blitz September 27 Early 2022"]
[White "Weetik, Vjacheslav"]
[Black "Reyes, Narquingden"]
[WhiteFideId "4153472"]
[BlackFideId "5217334"]
[WhiteElo "2469"]
[BlackElo "2313"]
[Result "1-0"]
[Round "10"]
[TimeControl "180+1"]
[Date "2022.09.27"]
[WhiteClock "0:00:08"]
[BlackClock "0:00:03"]

1. d4 d5 2. Bf4 Nf6 3. e3 c5 4. c3 cxd4 5. cxd4 Nc6 6. Nc3 a6 7. Rc1 Bg4 8. f3 Bd7 9. Bd3 e6 10. g4 g6 11. Nge2 h5 12. g5 Nh7 13. h4 Be7 14. e4 dxe4 15. Bxe4 O-O 16. d5 exd5 17. Nxd5 Be6 18. Nxe7+ Qxe7 19. Bd6 Qd8 20. Bxf8 Qxf8 21. Nf4 Bxa2 22. Kf2 Qb4 23. Kg3 Rd8 24. Qc2 Nf8 25. Rhd1 Bb3 26. Qe2 Bxd1 27. Rxd1 Rxd1 28. Qxd1 Qxb2 29. Qd6 Qe5 30. Qxe5 Nxe5 31. Bxb7 a5 32. Kf2 Ne6 33. Nxe6 fxe6 34. Ke3 Kf7 35. Kd4 Nd7 36. Kc4 e5 37. Kb5 Ke6 38. Be4 Kf7 39. Kxa5 Nf8 40. Kb6 Kg7 41. Kc7 Ne6+ 42. Kd6 Nf4 43. Kxe5 Ng2 44. f4 Nxh4 45. Ke6 Kg8 46. Kf6 Kh7 47. Kf7 Kh8 48. Bxg6 Ng2 49. f5 Nf4 50. Bh7 Kxh7 51. g6+ Kh6 52. g7 Kg5 53. g8=Q+ Kxf5 54. Qh7+ Kg4 55. Qe4 h4 56. Kf6 h3 57. Ke5 h2 58. Qxf4+ Kh3 59. Qf3+ Kh4 60. Qg2 h1=Q 61. Qxh1+ Kg4 62. Qg2+ Kh4 63. Kf5 1-0


[Site "https://www.chess.com"]

[Event "Titled Tuesday Blitz September 27 Early 2022"]
[White "Winterberg, Lukas"]
[Black "Deuer, Marius"]
[WhiteFideId "24622702"]
[BlackFideId "16236432"]
[WhiteElo "2349"]
[BlackElo "2059"]
[Result "0-1"]
[Round "10"]
[TimeControl "180+1"]
[Date "2022.09.27"]
[WhiteClock "0:00:11"]
[BlackClock "0:00:12"]

1. g3 f5 2. Bg2 Nf6 3. d3 e6 4. e4 fxe4 5. dxe4 Nc6 6. Nc3 Bb4 7. Ne2 O-O 8. O-O d6 9. a3 Ba5 10. b4 Bb6 11. Na4 e5 12. c4 a5 13. Nxb6 cxb6 14. Bd2 Be6 15. Qc2 Rc8 16. Rac1 Qe7 17. Qd3 Rfd8 18. h3 Qd7 19. Rfd1 Bxh3 20. b5 Bxg2 21. Kxg2 Ne7 22. Be3 Qc7 23. Nc3 Qxc4 24. Bxb6 Rd7 25. Nd5 Qxd3 26. Nxe7+ Kf7 27. Rxd3 Rxc1 28. Nf5 Ke6 29. f3 d5 30. Bxa5 dxe4 31. Rxd7 exf3+ 32. Kxf3 Nxd7 33. Nxg7+ Kd5 34. g4 Ra1 35. Bb4 Nf6 36. Nf5 Rf1+ 37. Ke2 Rf4 38. Bd2 Rxg4 39. Ne3+ Kc5 40. Nxg4 Nxg4 41. a4 Nf6 42. Bc3 Nd7 43. Kf3 Kc4 44. Be1 Nc5 45. b6 Nxa4 46. Ke4 Nxb6 47. Kxe5 Nd5 48. Kf5 b5 49. Kg5 b4 50. Bxb4 Kxb4 51. Kh6 Nf6 52. Kg5 h5 53. Kh4 Kc4 54. Kg3 Kd4 55. Kh3 Ke4 56. Kg3 Kf5 57. Kh3 Kg5 58. Kg2 Kg4 59. Kh2 h4 60. Kg2 Ne4 61. Kh2 h3 62. Kh1 Kg3 63. Kg1 h2+ 64. Kf1 Nf2 65. Ke2 h1=Q 0-1


[Site "https://www.chess.com"]

[Event "Titled Tuesday Blitz September 27 Early 2022"]
[White "Xu, Yi"]
[Black "Badelka, Olga"]
[WhiteFideId "8605564"]
[BlackFideId "13509926"]
[WhiteElo "2471"]
[BlackElo "2165"]
[Result "1/2-1/2"]
[Round "10"]
[TimeControl "180+1"]
[Date "2022.09.27"]
[WhiteClock "0:00:02"]
[BlackClock "0:00:03"]

1. e4 e5 2. Nf3 Nc6 3. Bc4 Bc5 4. O-O Nf6 5. d3 d6 6. c3 Bb6 7. Nbd2 h6 8. a4 a5 9. Bb3 O-O 10. Nc4 Ba7 11. Bc2 Be6 12. Ne3 d5 13. Re1 dxe4 14. dxe4 Qxd1 15. Rxd1 Rfd8 16. Rxd8+ Rxd8 17. Kf1 Ng4 18. Nxg4 Bxg4 19. Ke2 f6 20. Be3 Bxe3 21. Kxe3 Be6 22. Nd2 b6 23. Bb3 Bxb3 24. Nxb3 Kf7 25. Nd2 Ke6 26. Nc4 g6 27. g3 f5 28. f4 exf4+ 29. gxf4 g5 30. Rg1 g4 31. h3 h5 32. hxg4 hxg4 33. Rh1 fxe4 34. Kxe4 Ne7 35. Ne3 Rg8 36. Rg1 g3 37. Kf3 Nf5 38. Nxf5 Kxf5 39. Rxg3 Rd8 40. Rg5+ Kf6 41. Ke2 Re8+ 42. Kd3 Rd8+ 43. Kc4 Rd2 44. b3 Rf2 45. Rg4 Kf5 46. Rh4 Kg6 47. Kd4 Rb2 48. Kc4 Rf2 49. Rg4+ Kf6 50. Kb5 Rc2 51. Kc4 Rf2 52. Rh4 Kg6 1/2-1/2


[Site "https://www.chess.com"]

[Event "Titled Tuesday Blitz September 27 Early 2022"]
[White "Yurovskykh, Oleksandr"]
[Black "Buscar, Michael"]
[WhiteFideId "14134020"]
[BlackFideId "2603616"]
[WhiteElo "2303"]
[BlackElo "2010"]
[Result "1/2-1/2"]
[Round "10"]
[TimeControl "180+1"]
[Date "2022.09.27"]
[WhiteClock "0:00:07"]
[BlackClock "0:00:46"]

1. d4 d5 2. Bf4 Nf6 3. e3 e6 4. Nd2 a6 5. Bd3 Nbd7 6. Ngf3 c5 7. c3 Be7 8. h3 cxd4 9. exd4 b5 10. a3 O-O 11. Qe2 Re8 12. O-O Nf8 13. Ne5 Ng6 14. Bg3 Bb7 15. Rfe1 Qb6 16. Nxg6 hxg6 17. Bh4 Bd6 18. Bg3 Nh5 19. Bxd6 Qxd6 20. Nb3 Nf4 21. Qf1 e5 22. dxe5 Rxe5 23. Rxe5 Qxe5 24. Nd4 Qg5 25. Kh2 Re8 26. g3 Ne6 27. Re1 Bc8 28. h4 Qd8 29. Qe2 Bd7 30. Qd2 Nxd4 31. cxd4 Qf6 32. Rxe8+ Bxe8 33. Bf1 Bd7 34. Bg2 Be6 35. Qe3 Qf5 36. Qd2 Kh7 37. Kg1 Qb1+ 38. Kh2 Qf5 39. Bf1 Kg8 40. Bg2 Kh7 1/2-1/2


[Site "https://www.chess.com"]

[Event "Titled Tuesday Blitz September 27 Early 2022"]
[White "Zaichenko, Daria"]
[Black "Mitrovic, Darko R"]
[WhiteFideId "4197453"]
[BlackFideId "927023"]
[WhiteElo "2039"]
[BlackElo "2150"]
[Result "1/2-1/2"]
[Round "10"]
[TimeControl "180+1"]
[Date "2022.09.27"]
[WhiteClock "0:00:55"]
[BlackClock "0:00:40"]

1. e4 e6 2. d4 d5 3. Bd3 Nf6 4. e5 Nfd7 5. f4 b6 6. c3 a5 7. Nf3 Ba6 8. Be3 Bxd3 9. Qxd3 g6 10. Nbd2 c5 11. a4 Qc8 12. b3 Qa6 13. c4 Nc6 14. Rd1 Nb4 15. Qb1 Be7 16. Kf2 O-O 17. h4 cxd4 18. Bxd4 Bc5 19. h5 Bxd4+ 20. Nxd4 Nc5 21. N2f3 dxc4 22. hxg6 fxg6 23. bxc4 Qxc4 24. Kg3 Ncd3 25. Rh4 Rad8 26. Rdh1 Rxd4 27. Rxh7 Rdxf4 28. Rh8+ Kf7 29. R1h7+ Ke8 30. Rxf8+ Kxf8 31. Qh1 Rg4+ 32. Kh3 Nf2+ 33. Kh2 Nxh1 34. Kxh1 Qf1+ 35. Kh2 1/2-1/2


[Site "https://www.chess.com"]

[Event "Titled Tuesday Blitz September 27 Early 2022"]
[White "Zaksaite, Salomeja"]
[Black "Sanchez, Robert"]
[WhiteFideId "12801496"]
[BlackFideId "2034360"]
[WhiteElo "1953"]
[BlackElo "2379"]
[Result "1-0"]
[Round "10"]
[TimeControl "180+1"]
[Date "2022.09.27"]
[WhiteClock "0:00:05"]
[BlackClock "0:00:50"]

1. e4 d5 2. exd5 Qxd5 3. Nc3 Qe6+ 4. Be2 Qg6 5. g3 Nc6 6. Nf3 Bd7 7. O-O O-O-O 8. d4 e5 9. Bd3 Qh5 10. Nxe5 Qxd1 11. Rxd1 Nxe5 12. dxe5 Bg4 13. Re1 Bb4 14. Bg5 f6 15. exf6 Nxf6 16. Kg2 h5 17. h3 Bd7 18. Kh2 Bc6 19. Re6 Bc5 20. f4 Rdf8 21. Rae1 Ng4+ 22. hxg4 hxg4+ 23. Bh4 g5 24. Ne4 Bxe4 25. Bxe4 gxh4 26. f5 h3 27. Rg6 Rd8 28. Bd3 Rde8 29. Rxe8+ Rxe8 30. Rxg4 Rh8 31. Rg7 Kd8 32. f6 Ke8 33. Bg6+ Kf8 34. Rxc7 Bd6 35. Rc8# 1-0


[Site "https://www.chess.com"]

[Event "Titled Tuesday Blitz September 27 Early 2022"]
[White "Zanette, Edgard Vinicius"]
[Black "Chernomordik, Pavel"]
[WhiteFideId "2109263"]
[BlackFideId "2804530"]
[WhiteElo "2182"]
[BlackElo "2217"]
[Result "1/2-1/2"]
[Round "10"]
[TimeControl "180+1"]
[Date "2022.09.27"]
[WhiteClock "0:01:22"]
[BlackClock "0:01:16"]

1. e4 g6 2. d4 Bg7 3. Nc3 d6 4. Be3 a6 5. Qd2 b5 6. a4 b4 7. Na2 a5 8. Nc1 Bb7 9. Bd3 Nd7 10. Nb3 Ngf6 11. f3 Rc8 12. Nxa5 Ba8 13. Qxb4 c5 14. Qd2 cxd4 15. Bxd4 Nxe4 16. Bxe4 Bxd4 17. Qxd4 Qxa5+ 18. b4 Qe5 19. Qxe5 Nxe5 20. Bxa8 Rxa8 21. Ne2 Kd7 22. O-O Rhc8 23. c3 Nc4 24. Rfb1 e5 25. a5 d5 26. Rd1 Ke6 27. Kf2 f5 1/2-1/2


[Site "https://www.chess.com"]

[Event "Titled Tuesday Blitz September 27 Early 2022"]
[White "Zelbel, Patrick"]
[Black "Vignesh, N R"]
[WhiteFideId "24624322"]
[BlackFideId "25012215"]
[WhiteElo "2474"]
[BlackElo "2363"]
[Result "1-0"]
[Round "10"]
[TimeControl "180+1"]
[Date "2022.09.27"]
[WhiteClock "0:00:22"]
[BlackClock "0:00:45"]

1. e4 c5 2. b4 cxb4 3. a3 d5 4. exd5 Qxd5 5. Nf3 Nc6 6. axb4 Nxb4 7. Be2 g6 8. Bb2 Nf6 9. O-O Bg7 10. c4 Qd8 11. Qa4+ Nc6 12. d4 Bd7 13. Qb3 b6 14. d5 Na5 15. Qa2 Rc8 16. Nbd2 O-O 17. Rfe1 e6 18. Rad1 exd5 19. cxd5 Re8 20. Qa1 Bf5 21. d6 Nh5 22. Bxg7 Nxg7 23. Nf1 Re6 24. d7 Rc7 25. Nd4 Re7 26. Nxf5 Nxf5 27. Bb5 Nc6 28. Bxc6 Rxc6 29. Qxa7 Kg7 30. Rxe7 Nxe7 31. Ne3 Ng8 32. Qa1+ Nf6 33. Ng4 h5 34. Nxf6 Rxf6 35. Qe5 Kf8 36. Qxf6 Qxf6 37. d8=Q+ Qxd8 38. Rxd8+ Ke7 39. Rb8 1-0


[Site "https://www.chess.com"]

[Event "Titled Tuesday Blitz September 27 Early 2022"]
[White "Zenin, Dmitry"]
[Black "Fiorito, Joaquin"]
[WhiteFideId "4127897"]
[BlackFideId "180173"]
[WhiteElo "2215"]
[BlackElo "1758"]
[Result "0-1"]
[Round "10"]
[TimeControl "180+1"]
[Date "2022.09.27"]
[WhiteClock "0:01:40"]
[BlackClock "0:01:18"]

1. d4 d5 2. c4 c6 3. cxd5 cxd5 4. Bf4 Nc6 5. e3 Nf6 6. Nc3 a6 7. Rc1 Bf5 8. Nf3 e6 9. Qb3 Na5 10. Qa4+ b5 11. Nxb5 axb5 12. Bxb5+ Nd7 13. Ne5 Nc6 14. Bxc6 Rxa4 15. Bxd7+ Ke7 16. Nc6+ Kxd7 17. Nxd8 Kxd8 18. a3 Ra7 19. O-O Kd7 20. Rc3 Bd6 21. Bxd6 Kxd6 22. Rfc1 Rb8 23. b4 Rba8 24. Ra1 Rc7 25. Rxc7 Kxc7 26. Rc1+ Kb6 27. Rc3 Ra7 28. f3 Rc7 29. Rc5 Bc2 30. Kf2 Ba4 31. Ke2 Bb5+ 32. Kd2 Ra7 33. Rc3 Bc4 34. e4 Kb5 35. e5 h5 36. f4 Ra8 37. Rg3 g6 38. Kc2 Bf1 39. Kb2 Kc4 0-1


[Site "https://www.chess.com"]

[Event "Titled Tuesday Blitz September 27 Early 2022"]
[White "Zhigalko, Sergei"]
[Black "Ravi, Teja S."]
[WhiteFideId "13502956"]
[BlackFideId "5017220"]
[WhiteElo "2662"]
[BlackElo "2432"]
[Result "1/2-1/2"]
[Round "10"]
[TimeControl "180+1"]
[Date "2022.09.27"]
[WhiteClock "0:00:03"]
[BlackClock "0:00:19"]

1. e4 c6 2. d4 d5 3. e5 Bf5 4. Nf3 e6 5. Be2 c5 6. Be3 Qb6 7. Nc3 Nc6 8. dxc5 Bxc5 9. Bxc5 Qxc5 10. Nb5 Qxc2 11. Nc7+ Kd7 12. Qxc2 Bxc2 13. Nxa8 Nge7 14. Bb5 Rxa8 15. Nd4 Bg6 16. Rc1 a6 17. Bxc6+ bxc6 18. Kd2 Rb8 19. Nb3 a5 20. Nc5+ Kd8 21. b3 Rb4 22. f3 h5 23. Rhd1 Bf5 24. Kc3 Ng6 25. Re1 h4 26. g3 Ne7 27. a3 Rb8 28. Kb2 g5 29. Rcd1 Ra8 30. Rd4 Kc7 31. g4 Bh7 32. Rd2 Ng6 33. Rc2 Nf4 34. Rc3 Kd8 35. Nb7+ Ke7 36. Rd1 Ra6 37. a4 f6 38. exf6+ Kxf6 39. Nd8 c5 40. Nb7 c4 41. bxc4 dxc4 42. Nc5 Rb6+ 43. Ka3 Rb4 44. Na6 Rb6 45. Nc5 Rb4 46. Na6 Rb6 47. Nc5 1/2-1/2


[Site "https://www.chess.com"]

[Event "Titled Tuesday Blitz September 27 Early 2022"]
[White "Abdisalimov, Abdimalik"]
[Black "Lewtak, Damian"]
[WhiteFideId "14206323"]
[BlackFideId "1141724"]
[WhiteElo "2401"]
[BlackElo "2329"]
[Result "1-0"]
[Round "11"]
[TimeControl "180+1"]
[Date "2022.09.27"]
[WhiteClock "0:00:06"]
[BlackClock "0:00:02"]

1. d4 Nf6 2. c4 b6 3. Nc3 Bb7 4. d5 e5 5. Nf3 Bb4 6. Nxe5 Qe7 7. Nd3 Bxc3+ 8. bxc3 Ne4 9. Bf4 d6 10. f3 Nf6 11. e4 Nh5 12. Be3 Nd7 13. Qd2 O-O-O 14. Be2 Rde8 15. Bd4 Rhg8 16. O-O-O f5 17. f4 fxe4 18. Bxh5 g6 19. Bg4 exd3 20. Rhe1 Qd8 21. Be6 Rgf8 22. g3 Kb8 23. Qxd3 Nc5 24. Bxc5 bxc5 25. Kb2 a6 26. Ka1 Ka7 27. Rb1 Qf6 28. Rb3 Rb8 29. Kb2 h5 30. Re4 h4 31. g4 a5 32. Kc2 Ba6 33. g5 Qh8 34. Ra3 Rb6 35. Rb3 Rfb8 36. Bd7 h3 37. Qxh3 a4 38. Rxb6 Kxb6 39. Qxh8 Rxh8 40. h3 Rh4 41. a3 Bb7 42. Kd3 Rh5 43. Ke3 Ba6 44. Kf3 Rh8 45. Kg4 Rh7 46. Be8 Bc8+ 47. Re6 Re7 48. Bxg6 Bxe6+ 49. dxe6 Rxe6 50. f5 Re1 51. f6 Kc6 52. Bf5 1-0


[Site "https://www.chess.com"]

[Event "Titled Tuesday Blitz September 27 Early 2022"]
[White "Acosta Villarroel, Lorner Jesus"]
[Black "Ismayil, Malak"]
[WhiteFideId "3906337"]
[BlackFideId "13412604"]
[WhiteElo "2325"]
[BlackElo "1879"]
[Result "1-0"]
[Round "11"]
[TimeControl "180+1"]
[Date "2022.09.27"]
[WhiteClock "0:00:03"]
[BlackClock "0:00:38"]

1. d4 Nf6 2. c4 g6 3. Nc3 Bg7 4. e4 O-O 5. Nf3 d6 6. Be2 Nc6 7. O-O Bg4 8. d5 Nb8 9. Be3 a5 10. Nd4 Bxe2 11. Qxe2 Nbd7 12. f4 Nc5 13. Qc2 Nfd7 14. Rad1 e5 15. dxe6 fxe6 16. f5 gxf5 17. exf5 e5 18. Ne6 Nxe6 19. fxe6 Rxf1+ 20. Rxf1 Nf8 21. Qf5 Qe7 22. Qf7+ Qxf7 23. Rxf7 Nxe6 24. Re7 Nd4 25. Rxc7 b6 26. Ne4 Rf8 27. h3 Nf5 28. Bf2 Rd8 29. b3 d5 30. cxd5 Rxd5 31. Bxb6 h6 32. Rc5 Rd1+ 33. Kf2 Nd4 34. Rxa5 1-0


[Site "https://www.chess.com"]

[Event "Titled Tuesday Blitz September 27 Early 2022"]
[White "Aizpurua, Patrick Emilio"]
[Black "Terzi, Alexei"]
[WhiteFideId "6600522"]
[BlackFideId "13505076"]
[WhiteElo "2378"]
[BlackElo "2031"]
[Result "1-0"]
[Round "11"]
[TimeControl "180+1"]
[Date "2022.09.27"]
[WhiteClock "0:00:19"]
[BlackClock "0:00:04"]

1. d4 Nf6 2. c4 e6 3. Nf3 d5 4. g3 Be7 5. Bg2 O-O 6. O-O c6 7. Qc2 Nbd7 8. b3 b6 9. Rd1 Bb7 10. Nc3 Rc8 11. e4 dxe4 12. Nxe4 Nxe4 13. Qxe4 Ba8 14. Qe2 Bf6 15. Ba3 Re8 16. Ne5 Qc7 17. f4 Nf8 18. Bxf8 Rxf8 19. c5 Rfd8 20. Rac1 Bb7 21. b4 b5 22. a4 a6 23. a5 Qe7 24. Qe3 Rc7 25. Re1 g6 26. Rcd1 Bg7 27. h4 h5 28. Be4 Qf6 29. Bb1 Bc8 30. Be4 Bd7 31. Kg2 Be8 32. Rh1 Rdc8 33. Bb1 Rd8 34. Qf3 Qe7 35. g4 hxg4 36. Qxg4 Bxe5 37. fxe5 Qd7 38. h5 Qd5+ 39. Be4 Qa2+ 40. Kf3 Qb3+ 41. Rd3 Qb2 42. hxg6 fxg6 43. Qxe6+ Rf7+ 44. Bf5 gxf5 45. Rg1+ Kf8 46. Qh6+ Ke7 47. Qg5+ Kd7 48. e6+ Kxe6 49. Qxd8 Re7 50. Re3+ Kf6 51. Qxe7# 1-0


[Site "https://www.chess.com"]

[Event "Titled Tuesday Blitz September 27 Early 2022"]
[White "Al-Tarboush, Ward"]
[Black "Ljukin, Sergei"]
[WhiteFideId "7601450"]
[BlackFideId "14102200"]
[WhiteElo "2234"]
[BlackElo "2312"]
[Result "1-0"]
[Round "11"]
[TimeControl "180+1"]
[Date "2022.09.27"]
[WhiteClock "0:01:27"]
[BlackClock "0:00:07"]

1. e4 e6 2. d4 d5 3. exd5 exd5 4. Bd3 Nf6 5. Bg5 Be7 6. Nc3 O-O 7. Nge2 c6 8. h4 b5 9. Qd2 Nbd7 10. O-O-O Nb6 11. Rdg1 b4 12. Nd1 a5 13. g4 Ne4 14. Qf4 f6 15. Qh2 Bd6 16. Bf4 Bxf4+ 17. Nxf4 a4 18. g5 f5 19. h5 b3 20. a3 bxc2 21. Bxc2 c5 22. Ng6 Rf7 23. Ne5 Rc7 24. Kb1 c4 25. Ng6 c3 26. h6 cxb2 27. hxg7 Rxg7 28. Bxe4 dxe4 29. Ne5 Qc7 30. Nxb2 Rb8 31. g6 Nc4 32. Qxh7+ 1-0


[Site "https://www.chess.com"]

[Event "Titled Tuesday Blitz September 27 Early 2022"]
[White "Alexikov, Alexander"]
[Black "Fernandez Hernandez, Gerardo"]
[WhiteFideId "14103958"]
[BlackFideId "2207400"]
[WhiteElo "2222"]
[BlackElo "2165"]
[Result "0-1"]
[Round "11"]
[TimeControl "180+1"]
[Date "2022.09.27"]
[WhiteClock "0:00:13"]
[BlackClock "0:00:19"]

1. e4 e6 2. d4 d5 3. Nc3 Nc6 4. Nf3 Nf6 5. e5 Ne4 6. Bb5 Bb4 7. Bd2 Nxd2 8. Qxd2 Bd7 9. Bd3 f6 10. exf6 Qxf6 11. a3 Bd6 12. O-O O-O 13. Rae1 Rae8 14. Ne2 e5 15. dxe5 Nxe5 16. Ned4 Nxf3+ 17. Nxf3 Bg4 18. Nd4 c5 19. Nb5 Bf4 20. Qc3 a6 21. Qxf6 gxf6 22. Nc3 c4 23. Rxe8 Rxe8 24. Nxd5 cxd3 25. Nxf4 d2 0-1


[Site "https://www.chess.com"]

[Event "Titled Tuesday Blitz September 27 Early 2022"]
[White "Aloma Vidal, Robert"]
[Black "Balkum, Alexander"]
[WhiteFideId "2260409"]
[BlackFideId "2005069"]
[WhiteElo "2435"]
[BlackElo "2397"]
[Result "1-0"]
[Round "11"]
[TimeControl "180+1"]
[Date "2022.09.27"]
[WhiteClock "0:00:17"]
[BlackClock "0:00:02"]

1. e4 c5 2. c3 g6 3. d4 cxd4 4. cxd4 d5 5. e5 Nc6 6. Nc3 Nh6 7. h3 Bg7 8. g4 f6 9. f4 O-O 10. Bg2 Be6 11. Nf3 fxe5 12. fxe5 Nf7 13. O-O Qb6 14. Na4 Qc7 15. Be3 b6 16. Rc1 Qb7 17. Qd2 Rac8 18. Nc3 Na5 19. b3 Rfd8 20. Ne2 Bd7 21. Ng5 Nxg5 22. Bxg5 Bb5 23. Qe3 Rf8 24. Rxf8+ Rxf8 25. Nf4 Rxf4 26. Qxf4 e6 27. Bf6 Bf8 28. h4 Nc6 29. h5 Nb4 30. Qd2 Nd3 31. Rf1 Nb4 32. Rf3 Nc6 33. a4 Ba6 34. Kh2 Bb4 35. Qf4 Qf7 36. hxg6 hxg6 37. Bg5 Qxf4+ 38. Rxf4 Bc3 39. Rf6 Nxd4 40. Rxg6+ Kh7 41. Rh6+ Kg7 42. Rh5 Bd3 43. Bf6+ Kg6 44. Rh8 Nxb3 45. Rg8+ Kf7 46. Rg7+ Kf8 47. Rxa7 Be4 48. g5 Bxg2 49. Kxg2 d4 50. g6 d3 51. Ra8# 1-0


[Site "https://www.chess.com"]

[Event "Titled Tuesday Blitz September 27 Early 2022"]
[White "Avazkhonov, Alikhon"]
[Black "Poltorak, Sebastian"]
[WhiteFideId "14208504"]
[BlackFideId "1199498"]
[WhiteElo "1739"]
[BlackElo "2104"]
[Result "0-1"]
[Round "11"]
[TimeControl "180+1"]
[Date "2022.09.27"]
[WhiteClock "0:00:01"]
[BlackClock "0:01:01"]

1. d4 a6 2. e4 b5 3. Nf3 Bb7 4. Bd3 e6 5. O-O d5 6. Qe2 Nf6 7. e5 Nfd7 8. c3 c5 9. Nbd2 Nc6 10. Re1 Be7 11. Nf1 Qb6 12. Be3 h6 13. Ng3 O-O-O 14. a3 c4 15. Bc2 Na5 16. Nd2 g5 17. b4 cxb3 18. Nxb3 Kb8 19. a4 Nxb3 20. Bxb3 b4 21. c4 dxc4 22. Qxc4 Rc8 23. Qe2 a5 24. Rec1 Rxc1+ 25. Rxc1 Rc8 26. Rxc8+ Kxc8 27. Qc4+ Qc6 28. f3 Qxc4 29. Bxc4 Bc6 30. Bb3 Nb6 31. d5 Bxd5 32. Bxb6 Bxb3 33. Bxa5 Bc5+ 34. Kf1 Bxa4 35. Ne4 Be7 36. Nd6+ Bxd6 37. exd6 b3 38. Bc3 Kd7 39. Be5 Kc6 40. g3 Kd5 41. f4 Ke4 42. Ke2 g4 43. Kd2 Kf3 44. Kc3 Kg2 45. f5 exf5 46. Kb4 Bd7 47. Kxb3 Kxh2 48. Bf4 h5 49. Kc4 Kh3 50. Kc5 h4 51. gxh4 Kxh4 52. Kb6 g3 53. Kc7 g2 54. Bh2 Be6 55. d7 Bxd7 56. Kxd7 f4 57. Kd6 f3 58. Bg1 Kg3 59. Ke5 f2 60. Bxf2+ Kxf2 0-1


[Site "https://www.chess.com"]

[Event "Titled Tuesday Blitz September 27 Early 2022"]
[White "Averjanov, Alexey"]
[Black "Jean Louis, Marckens"]
[WhiteFideId "14109867"]
[BlackFideId "11900270"]
[WhiteElo "2648"]
[BlackElo "2031"]
[Result "1-0"]
[Round "11"]
[TimeControl "180+1"]
[Date "2022.09.27"]
[WhiteClock "0:00:14"]
[BlackClock "0:00:21"]

1. d4 e6 2. c4 d5 3. Nf3 Nf6 4. e3 Be7 5. Nbd2 O-O 6. Bd3 c5 7. b3 Nc6 8. Bb2 cxd4 9. exd4 dxc4 10. bxc4 Nb4 11. Bb1 b5 12. cxb5 Bb7 13. O-O Qb6 14. a4 Rac8 15. Ne5 Rfd8 16. Ndf3 Nbd5 17. Ng5 Rf8 18. Re1 h6 19. Ngf3 Nc3 20. Bxc3 Rxc3 21. Qe2 Rd8 22. h3 a6 23. Ba2 Nd5 24. Rac1 Rdc8 25. Nc4 Qd8 26. Nfe5 axb5 27. axb5 Rxc1 28. Rxc1 Nf4 29. Qg4 g5 30. Nc6 Bxc6 31. bxc6 Rxc6 32. g3 Ng6 33. Qd1 Bf6 34. Qf3 Rc8 35. Rd1 Kg7 36. Ne3 Qa5 37. Bb1 Ne7 38. Be4 Qa4 39. Kg2 Bxd4 40. Bc2 Qa7 41. Qe4 Bxe3 42. Qh7+ Kf8 43. Qxh6+ Kg8 44. Bh7+ Kh8 45. Bg6+ Kg8 46. Qh7+ Kf8 47. Qxf7# 1-0


[Site "https://www.chess.com"]

[Event "Titled Tuesday Blitz September 27 Early 2022"]
[White "Azaiez, Fahmi"]
[Black "Kovacevic, Radmila"]
[WhiteFideId "5500818"]
[BlackFideId "933171"]
[WhiteElo "2457"]
[BlackElo "2208"]
[Result "1-0"]
[Round "11"]
[TimeControl "180+1"]
[Date "2022.09.27"]
[WhiteClock "0:00:45"]
[BlackClock "0:00:12"]

1. e4 e5 2. Nf3 d5 3. exd5 e4 4. Qe2 Nf6 5. d3 Qxd5 6. Nc3 Bb4 7. Nd2 Bxc3 8. bxc3 O-O 9. dxe4 Qe5 10. Qe3 Nc6 11. Qg3 Qc5 12. Nb3 Qe7 13. f3 Be6 14. Bd3 Bxb3 15. axb3 Qc5 16. Bd2 Ne5 17. Be2 Rad8 18. b4 Qe7 19. Be3 b6 20. O-O Nh5 21. Qg5 Qxg5 22. Bxg5 f6 23. Be3 g5 24. g3 Ng7 25. Rxa7 Rd7 26. f4 Nc6 27. Bc4+ Kh8 28. Bb5 Nxa7 29. Bxd7 Rf7 30. Rd1 h6 31. c4 Re7 32. e5 fxe5 33. fxg5 h5 34. c5 Rxd7 35. Rxd7 Nf5 36. cxb6 cxb6 37. Bxb6 Nb5 38. Rd5 Nbd4 39. Bxd4 Nxd4 40. Rxd4 exd4 41. b5 Kg7 42. b6 Kg6 43. b7 Kxg5 44. b8=Q Kg4 45. Qf4+ Kh3 46. Qh4# 1-0


[Site "https://www.chess.com"]

[Event "Titled Tuesday Blitz September 27 Early 2022"]
[White "Bacrot, Etienne"]
[Black "Erenberg, Ariel"]
[WhiteFideId "605506"]
[BlackFideId "2811634"]
[WhiteElo "2666"]
[BlackElo "2243"]
[Result "0-1"]
[Round "11"]
[TimeControl "180+1"]
[Date "2022.09.27"]
[WhiteClock "0:00:41"]
[BlackClock "0:01:21"]

1. Nf3 Nf6 2. c4 g6 3. Nc3 Bg7 4. e4 e5 5. Nxe5 Nxe4 6. Nxe4 Bxe5 7. d4 Bg7 8. Bg5 f6 9. Be3 O-O 10. g3 d6 11. Bg2 Nc6 12. O-O f5 13. Nc3 f4 14. gxf4 Qh4 15. Qd2 Rf5 16. Bd5+ Rxd5 17. f3 Rh5 18. Rfe1 Nxd4 19. Bxd4 Bxd4+ 20. Kh1 Bf2 21. Qxf2 Qxf2 0-1


[Site "https://www.chess.com"]

[Event "Titled Tuesday Blitz September 27 Early 2022"]
[White "Badelka, Olga"]
[Black "Papasimakopoulos, Alexandros"]
[WhiteFideId "13509926"]
[BlackFideId "4244125"]
[WhiteElo "2165"]
[BlackElo "2357"]
[Result "0-1"]
[Round "11"]
[TimeControl "180+1"]
[Date "2022.09.27"]
[WhiteClock "0:00:09"]
[BlackClock "0:01:05"]

1. c4 a5 2. d4 a4 3. e4 c5 4. dxc5 Qa5+ 5. Nc3 a3 6. Qb3 axb2 7. Bxb2 Na6 8. Qb5 Nxc5 9. Qxa5 Rxa5 10. Nf3 d6 11. Nd2 Nf6 12. Nb3 Nxb3 13. axb3 Rxa1+ 14. Bxa1 Bd7 15. Bd3 e6 16. O-O Be7 17. Bb2 Bc6 18. Ra1 Kd7 19. f4 d5 20. cxd5 exd5 21. exd5 Nxd5 22. Bf5+ Kc7 23. Nxd5+ Bxd5 24. Be5+ Kb6 25. Bxg7 Bc5+ 26. Kf1 Rg8 27. Be5 Rxg2 28. Bc3 Bf3 29. Bd7 Kc7 30. Bf5 Rg1# 0-1


[Site "https://www.chess.com"]

[Event "Titled Tuesday Blitz September 27 Early 2022"]
[White "Balabayeva, Xeniya"]
[Black "Aguilar, Juan"]
[WhiteFideId "13719688"]
[BlackFideId "3800091"]
[WhiteElo "1895"]
[BlackElo "2355"]
[Result "1-0"]
[Round "11"]
[TimeControl "180+1"]
[Date "2022.09.27"]
[WhiteClock "0:00:15"]
[BlackClock "0:00:35"]

1. e4 c5 2. Nf3 d6 3. Bb5+ Bd7 4. Bxd7+ Qxd7 5. O-O Nc6 6. c3 Nf6 7. Re1 e6 8. d4 cxd4 9. cxd4 d5 10. e5 Ne4 11. Nbd2 Nxd2 12. Bxd2 Bb4 13. Bxb4 Nxb4 14. Qd2 Nc6 15. h4 O-O 16. h5 h6 17. Re3 Rfc8 18. Nh2 Ne7 19. g4 Qc6 20. Rc3 Qb6 21. Rac1 Rxc3 22. bxc3 Rc8 23. g5 hxg5 24. Qxg5 Nf5 25. Ng4 Qd8 26. Qxd8+ Rxd8 27. Ne3 Nh4 28. Kf1 Nf3 29. Ke2 Ng5 30. f3 Rc8 31. Rg1 f6 32. exf6 gxf6 33. f4 Rxc3 34. fxg5 fxg5 35. Rxg5+ Kf7 36. h6 1-0


[Site "https://www.chess.com"]